cohdb
Replays
Latest Replays
All Replays
Popular Replays
Top Player Replays
Match Explorer
How It Works
Community
CoH3 Stats
Reddit
Sign in to upload your games and track your stats! →
Sign in with Steam
Match 40389058
Unlisted
Match 40389058
Overview
Messages
Build Orders
End
Panzergrenadier Squad
Panzerpioneer Squad
250 Light Carrier
Construct Light Support Kompanie
Panzergrenadier Squad
2.5-tonne Medical Truck
Selects Panzerjäger Kommand Battlegroup
Selects Mine Fields
Fire Support Elements
Flakvierling Half-track
Vehicle Survival Package
Veteran Squad Leaders
Assault Mechanized Group
Construct Panzerarmee Kommand
Selects Defensive Positions
Selects Butterfly Bomb Drop
Selects Tank Busters
Advanced Optics
Emergency Repair Kits
AI Takeover
King_Bird
Kylen
runningDuck
Tico
Jordon_S-aints
Zoro
0
0
Comments
sign in to comment!
No comments posted yet!